 Dungeon Crawl Stone Soup version 0.27.1-15-g792fb953b9 (webtiles) character file.

Game seed: 10952629924676759394

120 Descartes the Covert (level 4, -4/23 HPs)
             Began as a Spriggan Delver on Nov 19, 2021.
             Killed from afar by a white imp (11 damage)
             ... with a puff of frost
             ... on level 3 of the Dungeon.
             The game lasted 00:02:50 (892 turns).

Descartes the Covert (Spriggan Delver)               Turns: 892, Time: 00:02:50

Health: -4/23      AC:  2    Str:  9    XL:     4   Next: 75%
Magic:  5/5        EV: 19    Int: 11    God:
Gold:   35         SH:  0    Dex: 16    Spells: 2/3 levels left

rFire    . . .     SeeInvis +   j - +2 dagger (speed)
rCold    . . .     Faith    .   (shield restricted)
rNeg     . . .     Spirit   .   b - +0 robe
rPois    .         Reflect  .   (helmet restricted)
rElec    .         Harm     .   (no cloak)
rCorr    .         Rampage  .   (gloves unavailable)
Will     .....                  (boots unavailable)
Stlth    ++++......             (no amulet)
HPRegen  0.07/turn              (no ring)
MPRegen  0.09/turn              (no ring)

@: hasted, very quick
A: very small, no large weapons, unfitting armour, see invisible, speed 3
a: no special abilities


You were on level 3 of the Dungeon.
You visited 1 branch of the dungeon, and saw 3 of its levels.

You collected 35 gold pieces.

Inventory:

Hand Weapons
 a - a +0 short sword
 j - a +2 dagger of speed (weapon)
Missiles
 l - 2 atropa-tipped darts (quivered)
Armour
 b - a +0 robe (worn)
Wands
 g - a wand of digging (3)
Scrolls
 c - a scroll of fog
 d - a scroll of magic mapping
 e - a scroll of fear
 h - a scroll of holy word {unknown}
 i - a scroll of teleportation {unknown}
Potions
 k - a potion of might {unknown}
 m - a potion of heal wounds {unknown}


   Skills:
 - Level 2.4 Fighting
 + Level 3.6 Short Blades
 + Level 4.4 Dodging
 + Level 8.3 Stealth
 + Level 0.0 Transmutations


You had 2 spell levels left.
You knew the following spells:

 Your Spells              Type           Power      Damage    Failure   Level
a - Foxfire               Conj/Fire      0%         2x1d4     34%         1

Your spell library contained the following spells:

 Spells                   Type           Power      Damage    Failure   Level
 Corpse Rot               Necr/Air       N/A        N/A       47%         2
 Dispel Undead            Necr           0%         3d6       98%         4
 Blade Hands              Tmut           0%         N/A       100%        5
 Death Channel            Necr           0%         N/A       100%        6
 Eringya's Noxious Bog    Tmut/Pois      0%         N/A       100%        6
 Ignition                 Fire           0%         3d3       100%        8


Dungeon Overview and Level Annotations

Branches:
Dungeon (5/15)
 Temple: D:4-7

Altars:


Innate Abilities, Weirdness & Mutations

You are very small and have problems with some larger weapons.
You are too small for most types of armour.
You have supernaturally acute eyesight. (SInv)
You cover ground extremely quickly. (Speed+++)


Message History

The white imp is lightly wounded.
The bat closely misses you. The white imp barely misses you.
You hit the white imp but do no damage.
The white imp is lightly wounded.
The bat barely misses you.
You barely miss the white imp.
The white imp is lightly wounded.
The white imp gestures at you. The puff of frost hits you.
The bat barely misses you.
You hit the white imp but do no damage.
The white imp is lightly wounded.
The bat misses you.
You hit the white imp.
The white imp is moderately wounded.
The bat closely misses you. The white imp misses you.
You hit the white imp.
The white imp is severely wounded.
The bat completely misses you.
You barely miss the white imp.
The white imp is severely wounded.
The bat closely misses you. The white imp misses you.
You hit the white imp but do no damage.
The white imp is severely wounded.
The bat completely misses you. The bat misses you.
You barely miss the white imp.
The white imp is severely wounded.
The white imp closely misses you.
You hit the white imp.
The white imp is severely wounded.
The white imp gestures at you. The puff of frost hits you! The bat misses you.
You are too injured to fight recklessly!
You are too injured to fight recklessly!
You hit the white imp but do no damage.
The white imp is severely wounded.
The bat barely misses you.
You feel yourself speed up. The white imp gestures at you.
The puff of frost hits you!
You die...

#...#.. #.......
............ ####..##
...........#########.##
#.........#..........#
#.........#..........#
#.........#..........#
#.........#...........
#...5b.....##########.
#....@.....# #.
#..........# #.
#..........# ##
######+###.# # #[# #
#.# # #.# # .# # #


You could see a white imp and a bat.

Vanquished Creatures
  A scorpion (D:5)
  A hound (D:4)
  A hound skeleton (D:4)
  2 orcs (D:4)
  A ball python (D:4)
  2 endoplasms (D:4)
  2 hobgoblins (D:4)
  A kobold (D:4)
  2 quokkas
  A goblin (D:4)
  A jackal skeleton (D:4)
15 creatures vanquished.

Notes
Turn   | Place    | Note
-------+----------+-------------------------------------------
     0 | D:5      | Descartes the Spriggan Delver began the quest for the Orb.
     0 | D:5      | Reached XP level 1. HP: 11/11 MP: 2/2
    19 | D:5      | Noticed a scorpion
    26 | D:5      | Killed a scorpion
    27 | D:5      | Reached skill level 8 in Stealth
    27 | D:5      | Reached XP level 2. HP: 16/16 MP: 3/3
    27 | D:5      | Reached XP level 3. HP: 19/19 MP: 4/4
   117 | D:4      | Reached XP level 4. HP: 7/23 MP: 5/5
   858 | D:3      | Got Jodghim's Papyrus of the Arsonist and Changing
   861 | D:3      | Learned a level 1 spell: Foxfire
   892 | D:3      | Killed from afar by a white imp

Illustrated notes

Levels and vault maps discovered:
D:3:      layout_basic, ebering_ghost_disaster_area
D:4:      layout_basic
D:5:      layout_cave_pools, minmay_temple_entry_offerings,
          gammafunk_ghost_cemetery

Skill      XL: |  1  2  3 |
---------------+----------+-----
Short Blades   | 3 |  3.6
Dodging        | 3 4 |  4.4
Stealth        | 8 |  8.3
Fighting       | |  2.4

Action                   |  1- 3 |  4- 6 || total
-------------------------+-------+-------++-------
Melee: Short sword       |    18 |     1 ||    19
       Dagger            |       |    64 ||    64
  Use: Potion            |       |     1 ||     1
 Stab: Sleeping          |     1 |     6 ||     7
Armor: Robe              |     2 |     1 ||     3
Dodge: Dodged            |    14 |    38 ||    52
